 Dungeon Crawl Stone Soup version 0.31-a0-986-g5e6e4ef867 (webtiles) character file.

Game seed: 9140323250953626400

1618988 Forgeling the Crack Shot (level 26, 129/129 HPs)
             Began as a Spriggan Hunter on Nov 19, 2023.
             Was the Champion of Hepliaklqana.
             Escaped with the Orb
             ... and 3 runes on Nov 20, 2023!
             The game lasted 04:27:29 (72506 turns).

Forgeling the Crack Shot (Spriggan Hunter)         Turns: 72506, Time: 04:27:29

Health: 129/129    AC: 15    Str:  7      XL:     26   Next: 0%
Magic:  53/53      EV: 38    Int: 24      God:    Hepliaklqana [******]
Gold:   3853       SH:  8    Dex: 25 (26) Spells: 25/67 levels left

rFire   + . .        b - +9 hand cannon (heavy)
rCold   + + .        l - +3 buckler {AC+3}
rNeg    + + .        L - +4 skin of Zhor {*Englaciate rC+++ SInv}
rPois   +            p - +2 hat of the Bear Spirit {Spirit, Bear, *Rage Will++}
rElec   +            s - +2 cloak {rCorr}
rCorr   +            (gloves unavailable)
SInv    +            (boots unavailable)
Will    +++++        q - amulet "Xushrus" {Faith rElec rPois Will+ SInv}
Stlth   +++          T - ring of Mirth {rElec rF+ rN++ Will- Int+3}
HPRegen 0.41/turn    O - ring "Vugraud" {rC- MP+9 Int+6 Slay+5}
MPRegen 0.33/turn

%: random rage (20%), guardian spirit, faith
@: studying Long Blades, very quick
A: reduced essence, very small, no large weapons, unfitting armour, see
invisible, speed 3, deterioration 1, low MP 1
0: Orb of Zot
}: 3/15 runes: serpentine, barnacled, silver
a: Renounce Religion, Recall Ancestor, Ancestor Identity, Transference, Idealise


You escaped.
You worshipped Hepliaklqana.
Hepliaklqana was exalted by your worship.
You visited 10 branches of the dungeon, and saw 48 of its levels.
You visited 1 bazaar.

You collected 12518 gold pieces.
You spent 8665 gold pieces at shops.

Inventory:

Hand Weapons
 a - a +9 arbalest of freezing
 b - a +9 heavy hand cannon (weapon)
Missiles
 w - 2 curare-tipped darts
Armour
 l - a +3 buckler of protection (worn)
 n - the -2 hat of the Alchemist {rElec rPois rF+ rC+ rN+ Will+ rMut rCorr}
   (You found it on level 2 of the Realm of Zot)

   rF+:       It protects you from fire.
   rC+:       It protects you from cold.
   rElec:     It insulates you from electricity.
   rPois:     It protects you from poison rN+: It protects you from negative
   energy.
   Will+:     It increases your willpower.
   rCorr:     It protects you from acid and corrosion.
   rMut:      It protects you from mutation.
 p - the +2 hat of the Bear Spirit (worn) {Spirit, Bear, *Rage Will++}
   (You found it on level 5 of the Vaults)

   Bear:      Going berserk makes the wearer exceptionally tough, and they are
   slowed for a shorter time afterward.
   Will++:    It greatly increases your willpower.
   *Rage:     It berserks you when you make melee attacks (+20% chance).
 s - a +2 cloak of preservation (worn)
 L - the +4 skin of Zhor (worn) {*Englaciate rC+++ SInv}
   (You took it off a deep elf demonologist on level 3 of the Elven Halls)

   *Englaciate: It radiates cold, occasionally slowing all nearby creatures who
   are not resistant to cold.
   rC+++:     It renders you almost immune to cold.
   SInv:      It lets you see invisible.
Jewellery
 c - the ring "Nocykket" {Fly rF+ Str+5 Int-5 Dex+3}
   (You bought it in a shop on level 1 of the Vaults)

   [ring of flight]

   Str+5:     It affects your strength (+5).
   Int-5:     It affects your intelligence (-5).
   Dex+3:     It affects your dexterity (+3).
   rF+:       It protects you from fire.
   Fly:       It grants you flight.
 q - the amulet "Xushrus" (around neck) {Faith rElec rPois Will+ SInv}
   (You bought it in a shop in a bazaar)

   [amulet of faith]

   Faith:     It allows you to gain divine favour quickly.
   rElec:     It insulates you from electricity.
   rPois:     It protects you from poison Will+: It increases your willpower.
   SInv:      It lets you see invisible.
 A - the amulet of Cizafam {Faith Rampage Will+ Dex+3 Stlth-}
   (You took it off an orc warrior on level 5 of the Vaults)

   [amulet of faith]

   Faith:     It allows you to gain divine favour quickly.
   Dex+3:     It affects your dexterity (+3).
   Will+:     It increases your willpower.
   Rampage:   It bestows one free step when moving towards enemies.
   Stlth-:    It makes you less stealthy.
 O - the ring "Vugraud" (right hand) {rC- MP+9 Int+6 Slay+5}
   (You bought it in a shop in a bazaar)

   [ring of magical power]

   Int+6:     It affects your intelligence (+6).
   Slay+5:    It affects your accuracy & damage with ranged weapons and melee
   (+5).
   rC-:       It makes you vulnerable to cold.
   MP+9:      It affects your magic capacity (+9).
 T - the ring of Mirth (left hand) {rElec rF+ rN++ Will- Int+3}
   (You took it off a vault guard on level 5 of the Vaults)

   [ring of protection from fire]

   Int+3:     It affects your intelligence (+3).
   rF+:       It protects you from fire.
   rElec:     It insulates you from electricity.
   rN++:      It greatly protects you from negative energy.
   Will-:     It decreases your willpower.
Wands
 d - a wand of digging (2)
 e - a wand of charming (47)
 h - a wand of light (17)
 i - a wand of roots (57)
 j - a wand of polymorph (6)
 y - a wand of mindburst (18)
Scrolls
 f - 5 scrolls of enchant armour
 k - a scroll of butterflies
 D - 3 scrolls of blinking
 E - 7 scrolls of fear
 F - 7 scrolls of fog
 K - 8 scrolls of immolation
 P - 4 scrolls of poison
 S - 3 scrolls of summoning
 V - 4 scrolls of vulnerability
 Y - 18 scrolls of teleportation {@r3}
Potions
 o - 7 potions of enlightenment
 B - a potion of brilliance
 C - 2 potions of cancellation
 G - 3 potions of ambrosia
 H - a potion of haste
 I - a potion of invisibility
 J - 23 potions of curing {@q1}
 M - 7 potions of might
 N - 6 potions of heal wounds {@q2}
 Q - 10 potions of magic
 R - 5 potions of resistance
 U - 3 potions of mutation
Miscellaneous
 g - a condenser vane
 m - a phantom mirror
 r - a phial of floods
 v - a lightning rod (4/4)
 z - a sack of spiders


   Skills:
 + Level 16.3 Fighting
 + Level 22.2 Ranged Weapons
 - Level 11.8 Armour
 - Level 19.0 Dodging
 - Level 18.0 Stealth
 - Level 21.0 Spellcasting
 - Level 2.0 Conjurations
 - Level 21.0 Hexes
 - Level 12.0 Translocations
 - Level 16.8 Transmutations
 - Level 12.0 Invocations
 - Level 19.0 Evocations


You had 25 spell levels left.
You knew the following spells:

 Your Spells              Type           Power      Damage    Failure   Level
e - Enfeeble              Hex            45%        N/A       1%          7
f - Dimensional Bullseye  Hex/Tloc       40%        N/A       1%          4
i - Yara's Violent Unrav  Hex/Tmut       43%        3d17      1%          5
j - Tukima's Dance        Hex            90%        N/A       0%          3
r - Discord               Hex            45%        N/A       3%          8
t - Dispersal             Tloc           35%        N/A       3%          6
y - Irradiate             Conj/Tmut      31%        3d22      1%          5
F - Cause Fear            Hex            45%        N/A       0%          4

Your spell library contained the following spells:

 Spells                   Type           Power      Damage    Failure   Level
 Jinxbite                 Hex            100%       N/A       0%          2
 Wereblood                Tmut           82%        N/A       0%          2
 Sigil of Binding         Hex            90%        N/A       0%          3
 Apportation              Tloc           100%       N/A       1%          1
 Foxfire                  Conj/Fire      100%       2x1d9     1%          1
 Shock                    Conj/Air       100%       1d9       1%          1
 Sting                    Tmut/Pois      100%       1d8       1%          1
 Ensorcelled Hibernation  Hex/Ice        100%       N/A       1%          2
 Passwall                 Tmut/Erth      50%        N/A       1%          2
 Dazzling Flash           Conj/Hex       100%       N/A       1%          3
 Gell's Gravitas          Tloc           70%        N/A       1%          3
 Ignite Poison            Fire/Tmut/Pois 51%        N/A       1%          3
 Inner Flame              Hex/Fire       66%        N/A       1%          3
 Summon Guardian Golem    Hex/Summ       66%        N/A       1%          3
 Teleport Other           Tloc           70%        N/A       1%          3
 Volatile Blastmotes      Fire/Tloc      100%       2d18      1%          3
 Anguish                  Hex/Necr       33%        N/A       1%          4
 Fulminant Prism          Conj/Hex       34%        3d15      1%          4
 Iskenderun's Mystic Bla  Conj/Tloc      56%        2d12      1%          4
 Leda's Liquefaction      Hex/Erth       33%        N/A       1%          4
 Manifold Assault         Tloc           70%        N/A       1%          4
 Passage of Golubria      Tloc           70%        N/A       1%          4
 Petrify                  Tmut/Erth      60%        N/A       1%          4
 Silence                  Hex/Air        33%        N/A       1%          5
 Sandblast                Erth           50%        2d12      2%          1
 Summon Small Mammal      Summ           100%       N/A       2%          1
 Alistair's Intoxication  Tmut/Pois      40%        N/A       2%          5
 Cigotuvi's Dreadful Rot  Necr/Pois/Air  50%        N/A       4%          2
 Poisonous Vapours        Pois/Air       50%        N/A       4%          2
 Sublimation of Blood     Necr           25%        N/A       4%          2
 Call Canine Familiar     Summ           25%        N/A       9%          3
 Ozocubu's Armour         Ice            25%        N/A       9%          3
 Swiftness                Air            25%        N/A       9%          3
 Brom's Barrelling Bould  Conj/Erth      30%        2d5       19%         4
 Flame Wave               Conj/Fire      30%        2d9       19%         4
 Sticky Flame             Conj/Fire      30%        2d5       19%         4
 Airstrike                Air            12%        2d(2-18)  28%         4
 Animate Armour           Summ/Erth      50%        N/A       28%         4
 Olgreb's Toxic Radiance  Pois           25%        N/A       28%         4
 Summon Lightning Spire   Summ/Air       25%        N/A       28%         4
 Iskenderun's Battlesphe  Conj           34%        2d9       34%         5
 Fireball                 Conj/Fire      15%        3d8       45%         5
 Freezing Cloud           Conj/Ice/Air   14%        6-21      52%         5
 Agony                    Necr           25%        N/A       61%         5
 Lee's Rapid Deconstruct  Erth           12%        3d9*      61%         5
 Disjunction              Tloc           35%        N/A       80%         8
 Malign Gateway           Summ/Tloc      26%        N/A       90%         7
 Conjure Ball Lightning   Conj/Air       15%        3x3d6     96%         6
 Starburst                Conj/Fire      15%        6d6       96%         6
 Plasma Beam              Fire/Air       12%        2x1d23    99%         6
 Haunt                    Necr/Summ      12%        N/A       100%        7
 Orb of Destruction       Conj           17%        9d7       100%        7
 Ozocubu's Refrigeration  Ice            12%        4d10      100%        7
 Spellforged Servitor     Conj/Summ      15%        N/A       100%        7
 Borgnjor's Revivificati  Necr           12%        N/A       100%        8
 Ignition                 Fire           12%        3d6       100%        8
 Summon Horrible Things   Summ           12%        N/A       100%        8
 Death's Door             Necr           12%        N/A       100%        9
 Dragon's Call            Summ           12%        N/A       100%        9


Dungeon Overview and Level Annotations

Branches:
Dungeon (15/15)            Temple (1/1) D:4            Lair (5/5) D:8
 Shoals (4/4) Lair:3        Snake (4/4) Lair:2        Slime (0/5) Lair:4
    Orc (2/2) D:9             Elf (3/3) Orc:2        Vaults (5/5) D:14
  Crypt (0/3) Vaults:2     Depths (4/4) D:15            Zot (5/5) Depths:4

Altars:
Ashenzari
Cheibriados
Dithmenos
Elyvilon
Fedhas
Gozag
Hepliaklqana
Kikubaaqudgha
Makhleb
Nemelex Xobeh
Okawaru
Qazlal
Ru
Sif Muna
Trog
Uskayaw
Vehumet
Wu Jian
Xom
Yredelemnul
Zin
The Shining One
Jiyva
Lugonu

Shops:
D:1 =   D:9 (   D:10 ?   D:14 [   Orc:2 :[(:   Shoals:2 !   Shoals:4 *
Snake:2 [*(   Snake:4 *   Vaults:1 ==*   Vaults:2 ?(?=   Vaults:3 =
Vaults:5 =   Depths:1 *   Depths:2 (   Depths:3 (=:=   Depths:4 *:*:

Portals:
Hell: Depths:1 Depths:2 Depths:3 Depths:4
Abyss: Lair:3 Depths:3 Depths:4
Pandemonium: Depths:1 Depths:2
Ziggurat: Depths:4

Annotations:
Lair:3 monsoonserge's ghost, journeyman MeSh
Zot:2 1 runed translucent door, olddryhag's ghost, master HOFi
Zot:4 1 runed translucent door, Deah Kuhairgh's ghost, legendary GnIE


Innate Abilities, Weirdness & Mutations

Your life essence is reduced to manifest your ancestor. (-10% HP)
You are very small and have problems with some larger weapons.
You are too small for most types of armour.
You have supernaturally acute eyesight. (SInv)
You cover ground extremely quickly. (Speed+++)
Your body sometimes deteriorates upon taking damage.
Your magical capacity is low. (-10% MP)


Message History

There is a stone staircase leading down here.
HP restored.
There is a stone staircase leading up here.
You climb upwards.
There is a stone staircase leading down here.
There is a stone staircase leading up here.
You climb upwards.
There is a stone staircase leading down here.
There is a stone staircase leading up here.
You climb upwards.
There is a stone staircase leading down here.
There is a fountain of clear blue water here.
You see here a +0 short sword.
A Hell Sentinel comes into view.
Xochipepe is recalled.
You swap places.
Xochipepe hits the Hell Sentinel with a +0 broad axe of speed!
Xochipepe blocks the Hell Sentinel's attack. x2
Xochipepe casts a spell.
Xochipepe seems to speed up.
Xochipepe blocks the Hell Sentinel's attack. x2 2 hellwings come into view.
Xochipepe hits the Hell Sentinel with a +0 broad axe of speed!
Something hits Xochipepe!
The hellwing swoops through the air toward you!
The hellwing attacks as it pursues you!
The iron shot hits Xochipepe!!
The hellwing attacks as it pursues you!
There is a stone staircase leading up here.
There is a stone staircase leading up here.
You radiate an aura of cold.
The hellwing seems to slow down.
You climb upwards.
There is a stone staircase leading down here.
What level of the Dungeon? (default 1, ? - help)
There is a stone staircase leading up here.
You climb upwards.
There is a stone staircase leading down here. 2 stones; a +0 dagger
There is a staircase leading out of the dungeon here.
You have escaped!

####.......##.........#
####.......(...#.############
#.......>...................#
##.#.........................#
.....P~~~~~~~~P...P~~~~~~~~P.#
##...~~≈~~~~≈~~...~≈~~~~~≈≈~.#
.....~~≈~~~~≈≈~...~≈≈~~~~≈≈~.#
.....P≈~≈~~~~≈.....~~~~~≈~~P.#
................@............#
.....P~~~~~~≈≈.....~~~~~~~~P.####
.....≈~~~~~~≈≈~...~≈≈~~~~≈≈≈.....
...).~≈≈~~~~≈≈~...~~≈~~~~≈≈~.....
###..P~~~≈~~≈~P...P~≈≈~~~~≈P.....
#..............................
#..............................
#######..............#.........
#######........#.........


There were no monsters in sight!

Vanquished Creatures
  2 dread liches
  3 orbs of fire (Zot:5)
  3 ancient liches
  Mennas (Vaults:2)
  4 juggernauts
  Frederick (Depths:3)
  2 curse toes
  6 Killer Klowns (Zot:5)
  Nikola (Shoals:3)
  3 caustic shrikes
  6 golden dragons
  2 electric golems (Zot:5)
  The ghost of Fotooss the Impregnable, an adept MiDe of Makhleb (Vaults:3)
  17 tentacled monstrosities
  20 Orb Guardians (Zot:5)
  4 liches
  9 quicksilver dragons
  2 deep elf blademasters
  5 titans
  A deep elf master archer (Elf:3)
  4 death cobs
  7 sphinxes
  An ancient champion (Depths:4)
  10 shadow dragons
  5 draconian monks
  Aizul (Snake:4)
  6 tengu reavers
  Donald (Elf:1)
  10 storm dragons
  A daeva (Vaults:1)
  12 fire giants
  An azure jelly (shapeshifter) (Vaults:5)
  2 deep elf elementalists (Elf:3)
  5 nagarajas
  3 draconian knights
  3 deep elf sorcerers
  2 draconian scorchers
  8 frost giants
  10 vault wardens
  9 draconian shifters
  A war gargoyle (Zot:3)
  2 ghost moths
  9 very ugly things
  3 spriggan defenders
  3 orc warlords
  An angel (Vaults:1)
  11 ironbound preservers
  A draconian stormcaller (Zot:2)
  5 draconian annihilators
  A caustic shrike zombie (Depths:3)
  17 stone giants
  4 formless jellyfish
  Nessos (D:13)
  4 ironbound thunderhulks
  4 green draconians
  5 deep elf demonologists
  6 deep elf annihilators
  A vampire knight (Vaults:2)
  3 spark wasps
  6 black draconians
  An eleionoma (Zot:2)
  10 dire elephants
  A bunyip (shapeshifter) (Depths:4)
  6 red draconians
  13 purple draconians
  4 white draconians
  A yellow draconian (Zot:3)
  An eidolon (Depths:4)
  7 deep elf death magi
  A green death (Snake:1)
  3 merfolk impalers
  4 fire dragons
  2 crystal guardians (Vaults:4)
  A jiangshi (Depths:3)
  2 merfolk javelineers (Shoals:4)
  6 yaktaur captains
  9 ettins
  2 spriggan zombies (Depths:3)
  4 deep elf high priests
  5 great orbs of eyes
  An entropy weaver (Vaults:5)
  A hell beast (Depths:4)
  11 ice dragons
  A quicksilver dragon skeleton (Depths:3)
  The ghost of Persephone the Martial Artist, a journeyman DsBe of Trog (Lair:1)
  5 hydras
  A juggernaut simulacrum (Depths:3)
  4 salamander tyrants
  28 vault guards
  2 spriggan air magi (Depths:4)
  4 ironbound frosthearts
  A catoblepas (D:14)
  A peacekeeper (Vaults:4)
  The ghost of Nulaam the Thaumaturge, a journeyman TeSu of Hepliaklqana (D:13)
  A merfolk aquamancer (Shoals:4)
  2 rakshasas
  11 centaur warriors
  10 naga warriors
  2 two-headed ogres
  23 dancing weapons
  A satyr (Shoals:3)
  3 death yaks (Lair:5)
  6 anacondas
  The ghost of monsoonserge the Martial Artist, a journeyman OpSh of Gozag (Lair:1)
  2 tengu warriors
  3 boulder beetles
  7 deep troll shamans
  The ghost of strawberryx3c the Covert, a novice GnWn of Ru (D:9)
  An orc high priest (Orc:2)
  A death yak (shapeshifter) (D:14)
  An occultist (D:11)
  8 deep troll earth magi
  A vampire mage (Depths:3)
  13 shock serpents
  18 naga sharpshooters
  A sun demon (Depths:2)
  14 deep elf knights
  12 hell knights
  6 spriggan berserkers
  Nergalle (Lair:3)
  An iron troll (Depths:3)
  A skyshark (shapeshifter) (Vaults:4)
  A skyshark (Shoals:3)
  Amaemon (D:9)
  3 salamander mystics (Snake:4)
  A spark wasp zombie (Depths:3)
  A shadow demon (Zot:1)
  2 glowing orange brains
  8 sea snakes
  A kraken simulacrum (Shoals:4)
  28 deep trolls
  2 flayed ghosts
  10 deep elf archers
  A swamp dragon (shapeshifter) (Elf:3)
  A glowing orange brain (shapeshifter) (Vaults:5)
  An obsidian statue (Zot:5)
  11 lindwurms
  5 arcanists
  5 necromancers
  10 naga ritualists
  Pikel (D:7)
  33 deep elf pyromancers
  3 phantasmal warriors
  5 orc knights
  5 orc sorcerers
  22 deep elf zephyrmancers
  14 ironbound convokers
  A wolf spider (Lair:5)
  A glowing shapeshifter (Vaults:4)
  A sphinx simulacrum (Depths:3)
  16 harpies
  18 ugly things
  6 salamanders
  9 cyclopes
  7 fauns
  11 mana vipers
  13 manticores
  25 moths of wrath
  A moth of wrath (shapeshifter) (Vaults:5)
  5 merfolk sirens
  An elephant (shapeshifter) (Depths:1)
  6 elephants (Lair:5)
  Maurice (D:8)
  18 vault sentinels
  5 water nymphs
  39 black mambas
  4 guardian serpents (Snake:4)
  2 orange demons (Orc:1)
  16 naga magi
  2 rime drakes (Lair:5)
  Maggie (D:8)
  A torpor snail (Lair:5)
  5 cane toads
  The ghost of petzl the Sneak, a novice FoDe of Vehumet (D:11)
  A gargoyle (D:14)
  A hellion (Zot:1)
  3 komodo dragons
  2 unseen horrors (D:11)
  2 efreet
  A komodo dragon (shapeshifter) (Vaults:5)
  A spark wasp simulacrum (Depths:3)
  3 tengu conjurers
  3 freezing wraiths
  23 yaktaurs
  A guardian mummy (Zot:3)
  16 merfolk
  5 trolls
  4 wind drakes
  A meliai (shapeshifter) (D:14)
  A polar bear (Lair:2)
  6 hornets
  A shadow dragon simulacrum (Vaults:3)
  A blink frog (shapeshifter) (Depths:2)
  11 blink frogs
  8 dream sheep
  A glass eye (Depths:2)
  A slime creature (shapeshifter) (Vaults:4)
  2 air elementals
  22 slime creatures
  10 snapping turtles
  2 wraiths
  A wyvern (D:9)
  A centaur simulacrum (D:14)
  A vampire (D:13)
  8 water elementals
  47 yaks
  2 shadows
  7 spriggans
  5 basilisks
  A basilisk (shapeshifter) (Depths:4)
  5 fire elementals
  5 fire bats (Depths:1)
  A human (shapeshifter) (Elf:3)
  A redback (shapeshifter) (Vaults:5)
  11 vampire mosquitoes
  A steam dragon (D:10)
  4 wargs
  A warg (shapeshifter) (Vaults:5)
  A swamp worm (shapeshifter) (Zot:3)
  45 nagas
  5 acid dragons
  An acid dragon (shapeshifter) (D:14)
  13 water moccasins
  Duvessa (D:5)
  A swamp drake (shapeshifter) (Depths:4)
  2 sky beasts
  38 orc warriors
  6 ogres
  3 black bears
  5 ice beasts
  The ghost of IdlyInterested the Vexing, an amateur DsWn (D:4)
  6 wolves
  2 boggarts (Elf:1)
  7 centaurs
  2 lemures
  2 kobold brigands
  4 scorpions
  10 bullfrogs
  An earth elemental (Elf:1)
  A gnoll sergeant (D:9)
  3 wights (D:7)
  Dowan (D:5)
  5 killer bees
  5 electric eels
  13 jellies
  2 hounds
  A human simulacrum (Vaults:3)
  2 gnoll boudas
  Crazy Yiuf (D:6)
  19 orc priests
  2 sleepcaps
  20 orc wizards
  7 iguanas
  9 adders
  16 gnolls
  A worm (D:3)
  3 dart slugs
  59 orcs
  7 ball pythons
  5 bats
  6 endoplasms
  5 giant cockroaches
  7 goblins
  5 hobgoblins
  9 jackals
  3 quokkas
  6 frilled lizards
  18 kobolds
  7 rats
  2 lurking horrors (Lair:3)
1611 creatures vanquished.

Vanquished Creatures (collateral kills)
  A dread lich (Zot:5)
  An orb of fire (Zot:5)
  2 juggernauts (Depths:3)
  2 Killer Klowns
  3 golden dragons
  A bone dragon (Zot:3)
  Zenata (Vaults:2)
  5 Orb Guardians (Zot:5)
  2 liches
  6 tentacled monstrosities
  A sphinx (Vaults:5)
  2 titans
  2 quicksilver dragons
  4 death cobs
  A tengu reaver (Vaults:5)
  3 shadow dragons
  A nagaraja (Snake:1)
  3 draconian monks
  A fire giant (Depths:1)
  3 storm dragons
  3 frost giants
  An iron dragon (Zot:3)
  2 deep elf sorcerers (Elf:3)
  2 draconian knights
  4 draconian scorchers
  A deep elf elementalist (Elf:3)
  5 draconian stormcallers
  A spriggan defender (Depths:3)
  2 draconian shifters (Zot:2)
  4 ironbound preservers
  A stone giant (Depths:1)
  4 very ugly things
  An ironbound thunderhulk (Vaults:1)
  10 black draconians
  7 white draconians
  2 deep elf demonologists (Elf:3)
  5 red draconians
  A dire elephant (Vaults:1)
  A spark wasp (Depths:4)
  2 green draconians
  A deep elf annihilator (Elf:3)
  4 purple draconians
  3 yellow draconians
  2 ettins
  4 fire dragons
  A jiangshi (Depths:3)
  3 deep elf death magi
  A green death (Snake:1)
  3 merfolk impalers
  A deep elf high priest (Elf:3)
  A great orb of eyes (Vaults:3)
  An entropy weaver (Vaults:5)
  3 yaktaur captains
  Fannar (D:10)
  A hydra (Lair:5)
  2 ice dragons
  4 vault guards (Vaults:5)
  A spriggan skeleton (Depths:3)
  A merfolk avatar (Shoals:2)
  A boulder beetle (Lair:4)
  A deep troll shaman (Depths:4)
  3 anacondas
  2 deep troll earth magi (Depths:2)
  5 naga warriors
  A tengu warrior (D:15)
  4 dancing weapons
  A deep elf knight (Elf:2)
  2 hell knights
  2 shock serpents
  An iron troll (Depths:4)
  3 naga sharpshooters
  2 skysharks
  The ghost of jlumianski the Insei, a novice GnSh (D:7)
  A sea snake (Shoals:3)
  9 deep trolls
  A deep elf archer (Elf:3)
  A swamp dragon (Lair:5)
  3 phantasmal warriors (Vaults:5)
  6 naga ritualists
  An ironbound convoker (Vaults:5)
  A necromancer (Vaults:4)
  6 lindwurms
  2 orc knights
  A deep elf zephyrmancer (Elf:3)
  8 deep elf pyromancers
  3 mana vipers
  A tengu skeleton (Depths:3)
  A glowing shapeshifter (Zot:3)
  5 harpies
  3 manticores
  5 salamanders
  7 ugly things
  13 moths of wrath
  A cyclops (D:15)
  3 fauns
  A merfolk siren (Shoals:2)
  5 elephants (Lair:5)
  8 black mambas
  A naga mage (Snake:1)
  2 water nymphs
  2 vault sentinels
  4 orange demons
  5 cane toads
  A gargoyle (D:13)
  4 komodo dragons
  4 rime drakes (Lair:5)
  2 unseen horrors
  A yaktaur (Vaults:2)
  A freezing wraith (D:15)
  4 knights
  A polar bear (Lair:5)
  A troll (D:10)
  3 merfolk
  2 wind drakes
  A hornet (shapeshifter) (D:13)
  Grinder (D:3)
  2 hornets (Depths:3)
  5 blink frogs
  2 dream sheep (Lair:5)
  A snapping turtle (Lair:3)
  A culicivora (shapeshifter) (D:11)
  2 slime creatures (Vaults:2)
  A spriggan (Depths:3)
  A wraith (D:10)
  2 wyverns
  14 yaks
  A redback (Vaults:5)
  A redback (shapeshifter) (Vaults:4)
  3 vampire mosquitoes
  A warg (Orc:1)
  A steam dragon (Lair:5)
  11 nagas
  A swamp worm (shapeshifter) (Vaults:4)
  2 acid dragons
  6 water moccasins
  7 orc warriors
  An ogre (Orc:1)
  7 wolves
  5 centaurs
  A lemure (D:8)
  2 bullfrogs (D:8)
  A gnoll sergeant (D:9)
  2 earth elementals (Elf:2)
  3 jellies (Lair:4)
  4 orc priests
  3 orc wizards
  5 gnolls (D:9)
  10 orcs
  2 endoplasms (Lair:4)
418 creatures vanquished.

Vanquished Creatures (others)
  A draconian scorcher (Zot:2)
  A vault warden (Vaults:2)
  A draconian annihilator (Zot:2)
  A stone giant (Vaults:5)
  3 green draconians
  A vampire knight (Depths:2)
  4 red draconians
  3 yellow draconians
  2 black draconians
  A white draconian (Zot:1)
  2 yaktaur captains
  A fire dragon (Zot:2)
  An ice dragon (Zot:2)
  2 centaur warriors (Vaults:2)
  An anaconda (Snake:4)
  A merfolk aquamancer (Shoals:4)
  2 moths of wrath
  2 black mambas
  A cane toad (Lair:1)
  5 yaktaurs
  A merfolk (Shoals:4)
  A dancing weapon (Shoals:4)
  2 water moccasins (Lair:5)
  A centaur (D:10)
  4 ancestors
  60 knights
  4 tentacles (Shoals:4)
109 creatures vanquished.

Grand Total: 2138 creatures vanquished

Notes
Turn   | Place    | Note
-------+----------+-------------------------------------------
     0 | D:1      | Forgeling the Spriggan Hunter began the quest for the Orb.
     0 | D:1      | Reached XP level 1. HP: 10/10 MP: 2/2
   127 | D:1      | Reached XP level 2. HP: 14/14 MP: 3/3
   352 | D:1      | Found Puor's Jewellery Boutique.
   392 | D:2      | Reached skill level 5 in Ranged Weapons
   402 | D:2      | Reached XP level 3. HP: 18/18 MP: 4/4
   600 | D:2      | Reached XP level 4. HP: 22/22 MP: 5/5
  1248 | D:3      | Noticed Grinder
  1303 | D:3      | Reached skill level 6 in Ranged Weapons
  1462 | D:3      | Reached XP level 5. HP: 25/25 MP: 6/6
  1794 | D:4      | Reached skill level 7 in Ranged Weapons
  1814 | D:4      | Found a staircase to the Ecumenical Temple.
  1828 | Temple   | Found a transporter.
  1828 | Temple   | Found a transporter.
  1828 | Temple   | Found a transporter.
  1828 | Temple   | Found a transporter.
  1828 | Temple   | Entered the Ecumenical Temple
  1844 | Temple   | Became a worshipper of Hepliaklqana the Forgotten
  1943 | D:4      | Found a runed translucent gate.
  1944 | D:4      | Found a runed translucent gate.
  2024 | D:4      | Reached XP level 6. HP: 30/30 MP: 7/7
  2134 | D:4      | Found a transporter.
  2138 | D:4      | Noticed an ice beast
  2138 | D:4      | Noticed an ice beast
  2233 | D:4      | Found a transporter.
  2301 | D:4      | Found a runed translucent gate.
  2307 | D:4      | Noticed IdlyInterested's ghost (amateur DsWn)
  2713 | D:5      | Entered Level 5 of the Dungeon
  2729 | D:4      | Reached skill level 8 in Ranged Weapons
  2927 | D:5      | Reached XP level 7. HP: 35/35 MP: 8/8
  3193 | D:5      | Noticed Duvessa
  3193 | D:5      | Noticed Dowan
  3438 | D:5      | Reached skill level 9 in Ranged Weapons
  3691 | D:5      | Killed Dowan
  4143 | D:6      | Reached XP level 8. HP: 40/40 MP: 9/9
  4257 | D:6      | Reached skill level 5 in Dodging
  4257 | D:6      | Reached skill level 5 in Stealth
  4473 | D:6      | Found a runed translucent door.
  4474 | D:6      | Noticed Crazy Yiuf
  4561 | D:6      | Reached skill level 1 in Evocations
  5198 | D:6      | Killed Crazy Yiuf
  5317 | D:7      | Reached * piety under Hepliaklqana
  5637 | D:7      | Reached skill level 5 in Evocations
  5682 | D:7      | Found a transporter.
  5696 | D:7      | Reached XP level 9. HP: 39/39 MP: 10/10
  5819 | D:7      | Found a transporter.
  5824 | D:7      | Noticed jlumianski's ghost (novice GnSh)
  6061 | D:8      | Noticed Pikel
  6421 | D:7      | Killed Pikel
  6422 | D:7      | Reached skill level 10 in Ranged Weapons
  6451 | D:8      | Found a stormy altar of Qazlal.
  6521 | D:8      | Reached ** piety under Hepliaklqana
  6522 | D:8      | Remembered your ancestor Xochipepe as a knight
  6608 | D:8      | Found a staircase to the Lair.
  6608 | D:8      | Noticed Maurice
  6868 | D:8      | Reached skill level 11 in Ranged Weapons
  6949 | D:8      | Reached XP level 10. HP: 44/44 MP: 11/11
  7214 | D:8      | Noticed Maggie
  7217 | D:8      | Killed Maurice
  7219 | D:8      | Killed Maggie
  7220 | D:8      | Reached skill level 12 in Ranged Weapons
  7553 | D:3      | Killed Grinder
  7828 | D:4      | Killed IdlyInterested's ghost
  7963 | D:5      | Killed Duvessa
  8216 | D:7      | Noticed a moth of wrath
  8368 | D:9      | Found a transporter.
  8427 | D:9      | Noticed a cyclops
  8438 | D:9      | Noticed strawberryx3c's ghost (novice GnWn)
  8441 | D:9      | Noticed a cyclops
  8471 | D:9      | Found a burning altar of Makhleb.
  8471 | D:9      | Noticed a green death
  8477 | D:9      | Found a glowing silver altar of Zin.
  8477 | D:9      | Noticed an angel
  8559 | D:9      | Noticed a two-headed ogre
  8593 | D:9      | Killed a two-headed ogre
  8612 | D:9      | Found a staircase to the Orcish Mines.
  8744 | D:9      | Found Xibauj's Weapon Shoppe.
  8797 | D:9      | Noticed Amaemon
  8798 | D:9      | Noticed an orange demon
  8811 | D:9      | Killed Amaemon
  8812 | D:9      | Reached skill level 10 in Stealth
  8812 | D:9      | Reached skill level 10 in Evocations
  8814 | D:9      | Killed an orange demon
  8829 | D:9      | Found a transporter.
  9030 | D:10     | Entered Level 10 of the Dungeon
  9046 | D:10     | Reached *** piety under Hepliaklqana
  9092 | D:10     | Reached XP level 11. HP: 38/47 MP: 10/12
  9473 | D:10     | Noticed Fannar
  9810 | Lair:1   | Entered Level 1 of the Lair of Beasts
  9930 | Lair:1   | Reached skill level 13 in Ranged Weapons
 10087 | Lair:1   | Reached skill level 14 in Ranged Weapons
 10182 | Lair:1   | Reached skill level 1 in Invocations
 10519 | Lair:1   | Noticed a boulder beetle
 10578 | Lair:1   | Killed a boulder beetle
 10694 | Lair:1   | Reached **** piety under Hepliaklqana
 10934 | Lair:1   | Found a runed translucent gate.
 10934 | Lair:1   | Found a runed translucent gate.
 10934 | Lair:1   | Found a runed translucent gate.
 10940 | Lair:1   | Noticed monsoonserge's ghost (journeyman OpSh)
 10940 | Lair:1   | Noticed Persephone's ghost (journeyman DsBe)
 11337 | Lair:2   | Reached XP level 12. HP: 53/53 MP: 14/14
 11362 | Lair:2   | Reached skill level 5 in Fighting
 12343 | Lair:2   | Noticed a six-headed hydra
 12369 | Lair:2   | Killed a six-headed hydra
 12407 | Lair:2   | Found a staircase to the Snake Pit.
 12438 | Lair:2   | Reached skill level 10 in Dodging
 12685 | Lair:3   | Reached ***** piety under Hepliaklqana
 12771 | Lair:3   | Found a one-way gate to the infinite horrors of the Abyss.
 12882 | Lair:3   | Found a corrupted altar of Lugonu.
 13062 | Lair:3   | Identified the maw talisman "Ciesm" {rPois Dex+4 Stlth-}
 13218 | Lair:3   | Found a runed translucent door.
 13218 | Lair:3   | Found a shimmering altar of Xom.
 13218 | Lair:3   | Noticed monsoonserge's ghost (journeyman MeSh)
 13452 | Lair:3   | Noticed Nergalle
 13476 | Lair:3   | Killed Nergalle
 13577 | Lair:3   | Reached skill level 5 in Invocations
 13845 | Lair:3   | Found a staircase to the Shoals.
 14049 | Lair:4   | Identified the "Rizxyitzov"
 14237 | Lair:4   | Identified the +0 sling of the Abyss {speed, rC+ Dex+3}
 14333 | Lair:4   | Found a viscous altar of Jiyva.
 14347 | Lair:4   | Found a staircase to the Slime Pits.
 14519 | Lair:4   | Noticed a boulder beetle
 14576 | Lair:4   | Killed a boulder beetle
 14734 | Lair:4   | Reached XP level 13. HP: 58/58 MP: 19/19
 15245 | Lair:5   | Entered Level 5 of the Lair of Beasts
 15982 | Lair:5   | Reached skill level 15 in Ranged Weapons
 17046 | Lair:5   | Reached skill level 16 in Ranged Weapons
 17423 | Lair:5   | Identified the +0 ring mail "Race" {rF++}
 17941 | Lair:5   | Reached skill level 1 in Armour
 18743 | D:7      | Reached XP level 14. HP: 64/64 MP: 21/21
 18787 | D:7      | Killed jlumianski's ghost
 18793 | D:7      | Identified the amulet "Tuebumn" {RegenMP rCorr}
 19167 | D:10     | Killed Fannar
 19196 | D:10     | Found Riefico's Magic Scroll Emporium.
 19814 | D:11     | Reached ****** piety under Hepliaklqana
 19832 | D:11     | Found a runed translucent gate.
 19833 | D:11     | Found a runed translucent gate.
 19847 | D:11     | Found a runed translucent gate.
 19852 | D:11     | Noticed petzl's ghost (novice FoDe)
 21465 | Orc:1    | Entered Level 1 of the Orcish Mines
 21955 | Orc:1    | You fall into a shaft and drop 1 floor!
 21955 | Orc:2    | Entered Level 2 of the Orcish Mines
 22667 | Orc:2    | Found Ahyisic's Book Shoppe.
 22709 | Orc:2    | Found a staircase to the Elven Halls.
 23062 | Orc:2    | Found Inkijer's Book Emporium.
 23397 | Orc:2    | Noticed an orc warlord
 23599 | Orc:2    | Reached skill level 10 in Invocations
 23808 | Orc:2    | Found Wapsum's Antique Armour Emporium.
 23810 | Orc:2    | Found Osineaph's Antique Weapon Shoppe.
 23873 | Orc:2    | Killed an orc warlord
 24078 | Orc:2    | Learned a level 5 spell: Yara's Violent Unravelling
 24082 | Orc:2    | Learned a level 3 spell: Tukima's Dance
 24121 | Orc:2    | Bought a book of the Hunter for 612 gold pieces
 24126 | Orc:2    | Learned a level 4 spell: Dimensional Bullseye
 24180 | Orc:2    | Bought a runed cloak for 247 gold pieces
 24447 | D:13     | Reached skill level 1 in Translocations
 24469 | D:13     | Noticed Nessos
 24478 | D:13     | Killed Nessos
 24479 | D:13     | Reached skill level 1 in Spellcasting
 24479 | D:13     | Reached skill level 1 in Hexes
 24632 | D:13     | Found a runed translucent gate.
 24632 | D:13     | Found a runed translucent gate.
 24635 | D:13     | Found a runed translucent gate.
 24636 | D:13     | Noticed Nulaam's ghost (journeyman TeSu)
 24637 | D:13     | Identified the +1 chain mail "Hana Gedo" {Rampage rCorr
                  | Dex+3 SInv}
 25361 | D:14     | Found a basalt altar of Yredelemnul.
 25447 | D:14     | Found a gate to the Vaults.
 25447 | D:14     | Noticed an ironbound preserver
 25516 | D:14     | Reached skill level 5 in Translocations
 25519 | D:14     | Reached XP level 15. HP: 69/69 MP: 23/23
 25706 | D:14     | Found Ykeimoom's Antique Armour Shop.
 26068 | D:14     | Bought a runed hat for 259 gold pieces
 26086 | D:14     | Reached skill level 5 in Hexes
 26296 | D:15     | Entered Level 15 of the Dungeon
 26912 | D:15     | Found a staircase to the Depths.
 27475 | D:13     | Killed Nulaam's ghost
 27516 | D:13     | Identified the +1 hat of Atheism {rC- Int+6}
 27706 | D:11     | Identified the +5 dagger "Axecoyku" {protect, rElec rCorr
                  | Dex-4}
 27741 | D:11     | Killed petzl's ghost
 28122 | D:9      | Killed strawberryx3c's ghost
 28230 | D:9      | Identified the amulet "Poak" {Reflect Harm Will+ Int+3
                  | SH+5}
 28351 | D:4      | Found a staircase to the Ecumenical Temple.
 28567 | Lair:1   | Killed Persephone's ghost
 28583 | Lair:1   | Killed monsoonserge's ghost
 29033 | Shoals:1 | Entered Level 1 of the Shoals
 29388 | Shoals:1 | Reached skill level 17 in Ranged Weapons
 29851 | Shoals:2 | Found Eluy's Distillery.
 30215 | Shoals:3 | Noticed Nikola
 30552 | Shoals:3 | Reached XP level 16. HP: 72/72 MP: 24/24
 30827 | Shoals:3 | Reached skill level 10 in Hexes
 31076 | Shoals:4 | Identified the "Hattom"
 31076 | Shoals:4 | Entered Level 4 of the Shoals
 31369 | Shoals:4 | Found Keamalao's Assorted Antiques.
 32411 | Shoals:4 | Reached skill level 18 in Ranged Weapons
 32703 | Shoals:4 | Reached skill level 5 in Spellcasting
 32708 | Shoals:4 | Got a barnacled rune of Zot
 33317 | Snake:1  | Entered Level 1 of the Snake Pit
 33383 | Snake:1  | Identified 3 scrolls of acquirement
 33614 | Snake:1  | Found a flickering gateway to a bazaar.
 33683 | Bazaar   | Entered a bazaar
 33758 | Bazaar   | Found Sott's Magic Scroll Boutique.
 33762 | Bazaar   | Found Qoduc's Book Boutique.
 33762 | Bazaar   | Found Ziann's Magic Scroll Boutique.
 33763 | Bazaar   | Found Plog's General Store.
 33793 | Bazaar   | Bought a scroll of enchant weapon for 82 gold pieces
 33793 | Bazaar   | Bought a scroll of enchant weapon for 82 gold pieces
 33909 | Bazaar   | Bought a manual of Transmutations for 720 gold pieces
 33915 | Bazaar   | Learned a level 5 spell: Irradiate
 33926 | Bazaar   | Bought a scroll of enchant armour for 60 gold pieces
 33931 | Bazaar   | Bought a scroll of fear for 44 gold pieces
 33939 | Bazaar   | Bought the ring "Vugraud" {rC- MP+9 Int+6 Slay+5} for 428
                  | gold pieces
 33942 | Bazaar   | Acquired 1229 gold pieces
 33945 | Bazaar   | Bought the amulet "Xushrus" {Faith rElec rPois Will+ SInv}
                  | for 544 gold pieces
 33950 | Bazaar   | Acquired 1100 gold pieces
 33952 | Bazaar   | Acquired a +0 heavy hand cannon
 34202 | Shoals:4 | Bought a phial of floods for 1040 gold pieces
 34234 | Shoals:3 | Killed Nikola
 34623 | Snake:1  | Found a runed translucent door.
 34916 | Snake:1  | Reached skill level 5 in Transmutations
 35221 | Snake:1  | Reached XP level 17. HP: 76/76 MP: 28/28
 35572 | Snake:2  | Reached skill level 10 in Transmutations
 35996 | Snake:2  | Found Basuer's Antique Weapon Emporium.
 35998 | Snake:2  | Found Xyafat's Assorted Antiques.
 36000 | Snake:2  | Found Keenwa's Antique Armour Emporium.
 36668 | Snake:2  | Reached skill level 15 in Transmutations
 36680 | Snake:2  | Reached skill level 1 in Conjurations
 38608 | Snake:4  | Entered Level 4 of the Snake Pit
 38685 | Snake:4  | Reached skill level 15 in Evocations
 39304 | Snake:4  | Found Zachaut's Gadget Gallery.
 39313 | Snake:4  | Bought a phantom mirror for 640 gold pieces
 39349 | Snake:4  | Identified the serpent talisman of Sif Muna's Grace {*Slow
                  | rF+ Str+9 Stlth+}
 39349 | Snake:4  | Noticed Aizul
 39811 | Snake:4  | Killed Aizul
 40004 | Snake:4  | Reached XP level 18. HP: 81/81 MP: 29/29
 40878 | Snake:4  | Got a serpentine rune of Zot
 41644 | Vaults:1 | Entered Level 1 of the Vaults
 41654 | Vaults:1 | Reached skill level 5 in Armour
 41882 | Vaults:1 | Found Ymux's Assorted Antiques.
 42282 | Vaults:1 | Identified the granite talisman of Jueboarph {rC+}
 42449 | Vaults:1 | Reached skill level 10 in Spellcasting
 42566 | Vaults:1 | Found Dirgh's Jewellery Emporium.
 43066 | Vaults:1 | Found a transporter.
 43066 | Vaults:1 | Found Atihywnu's Jewellery Shop.
 43120 | Vaults:1 | Found a runed gate.
 43120 | Vaults:1 | Found a runed gate.
 43120 | Vaults:1 | Found a runed gate.
 43155 | Vaults:1 | Reached XP level 19. HP: 85/85 MP: 34/34
 43366 | Vaults:1 | Found a transporter.
 43682 | Vaults:2 | Found Vyipei's Magic Scroll Boutique.
 43705 | Vaults:2 | Found Emistos's Jewellery Emporium.
 43851 | Vaults:2 | Bought the ring "Yniowen" {rC+ Str+2 Dex+6 SInv Stlth+} for
                  | 856 gold pieces
 43964 | Vaults:2 | Found a staircase to the Crypt.
 44192 | Vaults:2 | Noticed Zenata
 44458 | Vaults:2 | Noticed Mennas
 44475 | Vaults:2 | Killed Mennas
 44658 | Vaults:2 | Found Borul's Weapon Shoppe.
 45232 | Vaults:3 | Acquired 791 gold pieces
 45320 | Vaults:3 | Reached skill level 10 in Fighting
 45373 | Vaults:3 | Found a transporter.
 45373 | Vaults:3 | Noticed Fotooss's ghost (adept MiDe)
 45392 | Vaults:3 | Found a transporter.
 45756 | Vaults:3 | Found Geetaf's Jewellery Shoppe.
 46599 | Vaults:2 | Killed Zenata
 46691 | Vaults:2 | Found Nyqueg's Magic Scroll Shoppe.
 46954 | Vaults:2 | Reached skill level 15 in Stealth
 47196 | Vaults:4 | Reached skill level 15 in Dodging
 47653 | Vaults:4 | Identified the ring "Ehaxtiw" {rCorr Int+7}
 47865 | Vaults:4 | Reached XP level 20. HP: 91/91 MP: 39/39
 48482 | Vaults:3 | Killed Fotooss's ghost
 48814 | Vaults:1 | Found a glowing golden altar of the Shining One.
 48832 | Vaults:1 | Learned a level 6 spell: Dispersal
 49092 | Depths:2 | Identified the "Lappamerr"
 49092 | Elf:1    | Entered Level 1 of the Elven Halls
 49488 | Elf:1    | Reached skill level 10 in Translocations
 50023 | Elf:1    | Noticed Donald
 50029 | Elf:1    | Killed Donald
 50436 | Elf:2    | Reached skill level 15 in Spellcasting
 50470 | Elf:1    | Found a radiant altar of Vehumet.
 50937 | Elf:2    | Found a runed translucent gate.
 50938 | Elf:2    | Found a runed translucent gate.
 50938 | Elf:2    | Found a runed translucent gate.
 51722 | Elf:3    | Identified the of Aquroas
 51722 | Elf:3    | Identified the "Qagaot"
 51722 | Elf:3    | Identified the "Eseamityqu"
 51722 | Elf:3    | Identified the "Bin Akk"
 51722 | Elf:3    | Entered Level 3 of the Elven Halls
 52372 | Elf:3    | Reached skill level 19 in Ranged Weapons
 52514 | Elf:3    | Reached XP level 21. HP: 96/96 MP: 42/42
 52534 | Elf:3    | Identified the staff "Anoepsev" {rElec rPois rF- SInv
                  | Poison}
 52534 | Elf:3    | Identified the ring "Segaar" {rF- rC+ rCorr Dex+6}
 52557 | Elf:3    | Identified the +2 robe "Gidebb" {rElec rC- Str+3}
 52626 | Elf:3    | Identified the ring "Emmopia" {Fly Int+3}
 52631 | Elf:3    | Identified the +1 short sword of Bodily Harmony {drain,
                  | Fragile rC+ Int+4}
 52781 | Elf:3    | Identified the ring of Terra Nullius {rPois rC++ Will+}
 52812 | Elf:3    | Identified the staff of Okawaru's Grace {rF+ rCorr Str+2
                  | Dex-5 Fire}
 53628 | Vaults:1 | Bought a lightning rod (4/4) for 1000 gold pieces
 53628 | Vaults:1 | Bought a scroll of acquirement for 1300 gold pieces
 53628 | Vaults:1 | Acquired 524 gold pieces
 53710 | Vaults:2 | Bought a scroll of enchant weapon for 112 gold pieces
 53710 | Vaults:2 | Bought a scroll of enchant weapon for 112 gold pieces
 53710 | Vaults:2 | Bought a scroll of enchant weapon for 112 gold pieces
 53815 | Vaults:1 | Bought the ring "Nocykket" {Fly rF+ Str+5 Int-5 Dex+3} for
                  | 415 gold pieces
 53973 | Depths:1 | Entered Level 1 of the Depths
 53980 | Depths:1 | Reached skill level 20 in Ranged Weapons
 54448 | Depths:1 | Found a one-way gate leading to the halls of Pandemonium.
 54972 | Depths:1 | Reached skill level 21 in Ranged Weapons
 54976 | Depths:1 | Found Big Baal Hell's Store.
 54983 | Depths:1 | Found a gateway to Hell.
 55470 | Depths:2 | Found a sparkling altar of Nemelex Xobeh.
 56092 | Depths:2 | Found Asogon's Weapon Shop.
 56937 | Depths:3 | Noticed Frederick
 56944 | Depths:3 | Killed Frederick
 56976 | Depths:3 | Reached XP level 22. HP: 102/102 MP: 44/44
 57471 | Depths:3 | Noticed a juggernaut
 57476 | Depths:3 | Killed a juggernaut
 57482 | Depths:3 | Noticed a juggernaut
 57486 | Depths:3 | Killed a juggernaut
 57494 | Depths:3 | Noticed a juggernaut
 57497 | Depths:3 | Noticed a juggernaut
 57498 | Depths:3 | Noticed a juggernaut
 57501 | Depths:3 | Killed a juggernaut
 57504 | Depths:3 | Killed a juggernaut
 57507 | Depths:3 | Killed a juggernaut
 57558 | Depths:3 | Found a runed translucent door.
 57562 | Depths:3 | Found a runed translucent door.
 57825 | Depths:3 | Found Ishof's Antique Weapon Emporium.
 57981 | Depths:3 | Found Tusua's Jewellery Shoppe.
 57981 | Depths:3 | Found Ybycylif's Book Boutique.
 57982 | Depths:3 | Found Pyres's Jewellery Shoppe.
 58198 | Depths:4 | Entered Level 4 of the Depths
 58311 | Depths:4 | Noticed a golden dragon
 58322 | Depths:4 | Killed a golden dragon
 58456 | Depths:4 | Found a one-way gateway to a ziggurat.
 58459 | Depths:4 | Noticed a caustic shrike
 58460 | Depths:4 | Noticed a caustic shrike
 58460 | Depths:4 | Noticed a caustic shrike
 58470 | Depths:3 | Killed a caustic shrike
 58479 | Depths:4 | Killed a caustic shrike
 58482 | Depths:4 | Killed a caustic shrike
 58518 | Depths:4 | Found a gate to the Realm of Zot.
 58737 | Depths:4 | Found Resyl's General Store.
 58761 | Depths:4 | Found Dirghaot's Book Emporium.
 58761 | Depths:4 | Found Enydolic's Assorted Antiques.
 58769 | Depths:4 | Found Myak Niplyn's Book Shoppe.
 59049 | Depths:4 | Learned a level 7 spell: Enfeeble
 60015 | Depths:2 | Learned a level 8 spell: Discord
 60020 | Depths:2 | Learned a level 4 spell: Cause Fear
 60231 | Vaults:5 | Entered Level 5 of the Vaults
 60263 | Vaults:5 | Found the +2 hat of the Bear Spirit {Spirit, Bear, *Rage
                  | Will++}
 60296 | Vaults:5 | Reached skill level 15 in Hexes
 60565 | Vaults:5 | Reached XP level 23. HP: 99/111 MP: 47/47
 60763 | Vaults:5 | Identified the +9 plate armour of the Clam {Rampage Dex+6
                  | Slay-6}
 60763 | Vaults:5 | Identified the amulet of Cizafam {Faith Rampage Will+ Dex+3
                  | Stlth-}
 61012 | Vaults:5 | Identified the ring "Qeakass" {rF+ SInv}
 61338 | Vaults:5 | Found the +3 Elemental Staff {ele, rElec rF+ rC+ AC+3}
 61348 | Vaults:5 | Identified the +1 helmet "Vilezewk" {rElec MP-9 Str+5
                  | Dex+2}
 61570 | Vaults:5 | Identified the +1 leather armour of Eternal Vigilance
                  | {Regen+ Stlth+}
 61723 | Vaults:5 | Got a silver rune of Zot
 61833 | Vaults:5 | Identified the ring of Mirth {rElec rF+ rN++ Will- Int+3}
 62126 | Vaults:5 | Found Ikis's Jewellery Shoppe.
 62763 | Zot:1    | Entered Level 1 of the Realm of Zot
 62852 | Zot:1    | Identified the +8 scimitar of Tarch {flame, Dex+7}
 63702 | Zot:1    | Identified the +4 ring mail of Xustih {rPois}
 63862 | Zot:2    | Found a runed translucent door.
 63863 | Zot:2    | Noticed olddryhag's ghost (master HOFi)
 64517 | Zot:2    | Identified the +5 scimitar "Giantslayer" {heavy, rF+}
 64525 | Zot:2    | Reached XP level 24. HP: 116/116 MP: 48/48
 64573 | Zot:2    | Found the +3 pair of mountain boots {steadfast, rC+}
 64584 | Zot:2    | Identified the +2 war axe "Zerhuurch" {freeze, Fly Int+3
                  | Stlth+}
 65512 | Zot:2    | Found the -2 hat of the Alchemist {rElec rPois rF+ rC+ rN+
                  | Will+ rMut rCorr}
 66469 | Zot:3    | Noticed a dread lich
 66470 | Zot:3    | Identified the +10 dire flail of Impermanence {heavy, rF++}
 66657 | Zot:3    | Killed a dread lich
 66658 | Zot:3    | Reached skill level 10 in Armour
 66882 | Zot:3    | Noticed an ancient lich
 67170 | Zot:3    | Killed an ancient lich
 67884 | Zot:4    | Noticed a Killer Klown
 68222 | Zot:4    | Reached XP level 25. HP: 102/121 MP: 49/49
 68228 | Zot:4    | Killed a Killer Klown
 68334 | Zot:4    | Found a runed translucent door.
 68342 | Zot:4    | Noticed Deah Kuhairgh's ghost (legendary GnIE)
 68456 | Zot:4    | Reached skill level 15 in Fighting
 68809 | Zot:5    | Entered Level 5 of the Realm of Zot
 68961 | Zot:5    | Noticed a Killer Klown
 68967 | Zot:5    | Killed a Killer Klown
 69554 | Zot:5    | Noticed an ancient lich
 69564 | Zot:5    | Killed an ancient lich
 69581 | Zot:5    | Noticed an orb of fire
 69585 | Zot:5    | Gained mutation: Your magical capacity is low. (-10% MP)
                  | [an orb of fire]
 69587 | Zot:5    | Killed an orb of fire
 69734 | Zot:5    | Noticed a Killer Klown
 69742 | Zot:5    | Killed a Killer Klown
 70400 | Zot:5    | Noticed a Killer Klown
 70417 | Zot:5    | Noticed an orb of fire
 70620 | Zot:5    | Killed an orb of fire
 70648 | Zot:5    | Killed a Killer Klown
 70650 | Zot:5    | Noticed an orb of fire
 70662 | Zot:5    | Killed an orb of fire
 70868 | Zot:5    | Noticed a dread lich
 70878 | Zot:5    | Killed a dread lich
 71012 | Zot:5    | Noticed a dread lich
 71015 | Zot:5    | Killed a dread lich
 71043 | Zot:5    | Noticed a Killer Klown
 71047 | Zot:5    | Killed a Killer Klown
 71047 | Zot:5    | Noticed a Killer Klown
 71053 | Zot:5    | Noticed a Killer Klown
 71055 | Zot:5    | Killed a Killer Klown
 71061 | Zot:5    | Killed a Killer Klown
 71181 | Zot:5    | Noticed an orb of fire
 71183 | Zot:5    | Gained mutation: Your body sometimes deteriorates upon
                  | taking damage. [an orb of fire]
 71194 | Zot:5    | Killed an orb of fire
 71264 | Zot:5    | Noticed a Killer Klown
 71267 | Zot:5    | Noticed a Killer Klown
 71281 | Zot:5    | Killed a Killer Klown
 71451 | Zot:5    | Noticed a juggernaut
 71458 | Zot:5    | Killed a juggernaut
 71598 | Zot:5    | Identified the +8 plate armour "Sefeeseu" {*Slow rC+ rCorr
                  | Dex+5}
 71604 | Zot:5    | Reached skill level 22 in Ranged Weapons
 71649 | Zot:5    | Noticed an ancient lich
 71652 | Zot:5    | Killed an ancient lich
 71818 | Zot:5    | Got the Orb of Zot
 71999 | Zot:1    | Reached XP level 26. HP: 124/129 MP: 44/44
 72325 | D:9      | Noticed Elai the pandemonium lord
 72506 | D:$      | Escaped with the Orb!

Illustrated notes

Levels and vault maps discovered:
D:1:      giann_bridges, layout_rooms, serial_shops, shop
D:2:      kb_forest_paths, layout_basic, lexackson_kobold_supper
D:3:      layout_rooms, grunt_ministairs_15, uniq_grinder
D:4:      gammafunk_cloud_chamber, layout_basic, minmay_temple_entry_slanted,
          serial_corexii_hall, chequers_hall_statues_wall_a,
          corexii_hall_statues_i, gammafunk_ghost_split
D:5:      layout_basic, uniq_duvessa
D:6:      layout_basic, uniq_crazy_yiuf_cottage
D:7:      layout_cave_pools, gammafunk_ghost_berserking_beasts,
          grunt_ministairs_14, kennysheep_generic_room_14
D:8:      nicolae_moon_pools, layout_loops_ring, mainiacjoe_overflow_alcove_1,
          uniq_pikel, uniq_maurice, uniq_maggie
D:9:      layout_cave_pools, grunt_temple_overflow_order_and_chaos_2,
          orc_0_dummy, gammafunk_ghost_arena, serial_shops,
          nicolae_shop_bloodbath_and_beyond, uniq_amaemon
D:10:     layout_long_grid, serial_shops, shop, uniq_fannar
D:11:     minmay_razor_zed, layout_irregular_city, gammafunk_ghost_split
D:12:     layout_long_grid
D:13:     layout_loops_ring, biasface_ghost_orc_armoury, uniq_nessos
D:14:     layout_roguey, skrybe_vaults_entry_preservation, serial_shops,
          nicolae_shop_overgrown_old_shop, hangedman_abyss_or_decor_lesser_grid,
          yredelemnul_altar_generic
D:15:     grunt_enter_depths_snipers, layout_loops_ring,
          hangedman_decor_opposing
Temple:   hellmonk_temple_divided_pantheon
Lair:1:   layout_chaotic_city, gammafunk_ghost_cemetery, serial_bayou_shore_a
Lair:2:   layout_chaotic_city, alex1729_snake_entry_snake,
          dreamdust_gnoll_shepherd
Lair:3:   layout_roguey, minmay_shoals_entry_hut, ebering_ghost_xom,
          amcnicky_altar_lugonu_corruption, uniq_nergalle
Lair:4:   layout_regular_city, minmay_slime_entry_jelly_boxes
Lair:5:   hangedman_lair_in_review, layout_cave_pods, guppyfry_lair_end_dragon
Shoals:1: layout_shoals, nicolae_shoals_so_close
Shoals:2: layout_shoals, serial_shops, shop
Shoals:3: cheibrodos_shoals_oceanic_diplomacy, layout_shoals, uniq_nikola
Shoals:4: shoals_end_grunt_ice, layout_shoals, serial_shops,
          nicolae_shop_tiny_real_fake_doors
Snake:1:  cheibrodos_toxic_ritual, layout_rooms, serial_shops, bzr_entry_dummy,
          nicolae_snake_gridmaze_big_u
Snake:2:  layout_rooms, nicolae_snake_boneroom, minmay_shop_star
Snake:3:  layout_layer_cave, nicolae_large_snake_swirl
Snake:4:  johnstein_snake_rune_scales, layout_misc_corridors,
          nicolae_shop_gadgets, uniq_aizul
Orc:1:    layout_caves, statue_in_the_mist_lemuel, einodemon_barbed_minivault
Orc:2:    grunt_orc_community_town_hall, layout_diamond_mine,
          grunt_orc_community_big_house_2, grunt_orc_community_big_house_1,
          grunt_orc_community_house_1, grunt_orc_community_house_2,
          grunt_orc_community_house_3, grunt_orc_community_house_1,
          grunt_orc_community_house_3
Elf:1:    eino_elf_arrival_customs, layout_gridlike, hangedman_elf_disciples,
          lemuel_upstairs_altar, uniq_donald
Elf:2:    nicolae_elf_blades_crystal_corner, layout_rooms,
          nicolae_elf_big_sculpture_1
Elf:3:    minmay_elf_hall_spiked, layout_geoelf_castle
Vaults:1: vaults_dpeg_emergency_exit, nicolae_vaults_asterisk,
          hangedman_vaults_cutoff, wander_protected_by_tso,
          nicolae_vaults_three_branches, nicolae_vaults_spaceships, v_rooms_5,
          nicolae_vaults_turnstiles, v_rooms_6, vaults_room_hallway,
          grunt_vaults_hallway_long, layout_vaults_maze, serial_shops,
          nicolae_shop_tiny_statue_garden, shop, nicolae_shop_drivethru
Vaults:2: minmay_crypt_entry_simple_box, nicolae_vaults_angled_halls, v_misc_11,
          vaults_room_hangedman_quadrants, nicolae_vaults_octothorpe,
          nicolae_vaults_ring_of_whatevers, vaults_room_hallway,
          grunt_vaults_twisty, layout_vaults_omnicross, serial_shops,
          nicolae_shop_trees, shop, nicolae_diamond_shop, nicolae_shop_stone,
          uniq_zenata, uniq_mennas
Vaults:3: gammafunk_ghost_mausoleum, nicolae_vaults_more_shelving_2,
          nicolae_vaults_sesquioval_fish, nicolae_vaults_diamond_2,
          nicolae_vaults_corridor_and_loot_room, nicolae_vaults_diamond_2,
          vaults_room_stairs_pillars, layout_vaults_quadrants, serial_shops,
          nicolae_shop_tiny_real_fake_doors
Vaults:4: v_misc_2, nicolae_vaults_diamond_1, v_rooms_2,
          vaults_room_ringed_pool, v_misc_25,
          nicolae_vaults_loss_of_containment, hangedman_vaults_slither,
          ontoclasm_vaults_idyll, nicolae_vaults_trapezoid_layered,
          nicolae_vaults_surprise_closet, nicolae_vaults_network_barrier,
          nicolae_vaults_layer_cake_slice, layout_vaults_omnibox
Vaults:5
Depths:1: layout_basic, nicolae_hell_entry_big_baal_hell, pan_entry,
          bh_walls_and_bars, kennysheep_small_circle
Depths:2: nzn_winding_woodlands_stair_cross [nzn_winding_woodlands_5x15_pool,
          nzn_winding_woodlands_center_garden,
          nzn_winding_woodlands_5x15_concentric,
          nzn_winding_woodlands_5x5_default,
          nzn_winding_woodlands_5x5_open_star,
          nzn_winding_woodlands_5x15_garden,
          nzn_winding_woodlands_center_triple_pond,
          nzn_winding_woodlands_5x15_zeroes], layout_gridlike,
          grunt_pan_entry_sceptre, serial_shops, nicolae_shop_tiny_glass,
          nemelex_xobeh_ov_fountains_minmay, hell_entry
Depths:3: minmay_the_grid_triangle_9x9_recursive_2_mashed
          [minmay_the_grid_triangle_9x9_prize_insulated,
          minmay_the_grid_triangle_9x9_longest,
          minmay_the_grid_triangle_9x9_tough_junction,
          minmay_the_grid_triangle_9x9_wacky_v], layout_basic,
          pf_vacation_house_of_asmodeus, abyss_entry, nicolae_the_louvre,
          serial_shops, shop, infiniplex_staircase_pillars_2, minmay_shop_grove,
          firewood_loft, uniq_frederick
Depths:4: grunt_zot_entry_tricorne, layout_gridville, enter_ziggurat_d,
          abyss_entry, grunt_mini_vestibule, dreamdust_wishing_well,
          minmay_shoptagon
Zot:1:    layout_concentric_octagons, st_stairs_12
Zot:2:    layout_gridlike, hellmonk_ghost_happy_afterlife,
          st_large_dragon_hoard_4
Zot:3:    hangedman_zot_vaults_quadrants, layout_cathedral_of_symmetry,
          hangedman_zot_decor_tridents
Zot:4:    layout_basic, regret_index_zotdec_silver_v_v_loose,
          ebering_ghost_reflecting_pool, nicolae_tricolors
Zot:5:    layout_misc_corridors

Skill      XL: |  1  2  3  4  5  6  7  8  9 10 11 12 13 14 15 16 17 18 19 20 21 22 23 24 25 |
---------------+----------------------------------------------------------------------------+-----
Ranged Weapons | 5 6 7 8 9 11 12 14 16 17 18 19 21 22 | 22.2
Fighting       | 2 3 4 6 7 8 10 11 14 16 | 16.3
Dodging        | 4 6 8 11 14 15 16 19 | 19.0
Stealth        | 4 8 11 13 14 16 18 | 18.0
Evocations     | 5 8 10 11 12 14 15 16 17 19 | 19.0
Invocations    | 2 7 8 10 12 | 12.0
Armour         | 2 4 6 11 | 11.8
Translocations | 5 8 12 | 12.0
Spellcasting   | 2 4 7 10 14 16 17 19 20 21 | 21.0
Hexes          | 2 9 14 15 20 21 | 21.0
Transmutations | 8 16 | 16.8
Conjurations   | 2 |  2.0

Action                     |  1- 3 |  4- 6 |  7- 9 | 10-12 | 13-15 | 16-18 | 19-21 | 22-24 | 25-27 || total
---------------------------+-------+-------+-------+-------+-------+-------+-------+-------+-------++-------
  Melee: Hand cannon       |       |       |       |       |       |       |       |     3 |       ||     3
   Fire: Shortbow          |    95 |   256 |   481 |  1178 |    52 |       |       |       |       ||  2062
         Sling             |       |       |       |       |   866 |       |       |       |       ||   866
         Orcbow            |       |       |       |       |  1232 |       |       |       |       ||  1232
         Arbalest          |       |       |       |       |   168 |  1256 |   946 |   430 |       ||  2800
         Hand cannon       |       |       |       |       |       |       |   286 |   763 |   266 ||  1315
  Throw: Dart              |       |       |       |    21 |     9 |       |       |       |       ||    30
   Cast: Dimensional Bulls |       |       |       |       |     1 |     8 |    20 |     1 |     8 ||    38
         Tukima's Dance    |       |       |       |       |       |     1 |       |     1 |       ||     2
         Yara's Violent Un |       |       |       |       |       |     2 |    21 |    10 |     1 ||    34
         Discord           |       |       |       |       |       |       |       |    19 |     3 ||    22
         Cause Fear        |       |       |       |       |       |       |       |     3 |       ||     3
         Dispersal         |       |       |       |       |       |       |       |     1 |       ||     1
         Enfeeble          |       |       |       |       |       |       |       |       |     1 ||     1
 Invoke: Recall Ancestor   |       |       |     2 |    29 |    60 |    24 |    33 |    28 |     9 ||   185
         Ancestor Life: Kn |       |       |     1 |       |       |       |       |       |       ||     1
         Idealise          |       |       |       |       |     2 |     4 |     2 |     4 |     4 ||    16
  Evoke: Wand              |       |       |     1 |    28 |     9 |     8 |     8 |     9 |     1 ||    64
         Condenser vane    |       |       |       |       |     1 |     1 |     2 |       |       ||     4
         Sack of spiders   |       |       |       |       |     1 |       |     1 |       |       ||     2
         Phial of floods   |       |       |       |       |       |     1 |     2 |       |       ||     3
         Phantom mirror    |       |       |       |       |       |       |     1 |     1 |     1 ||     3
         Lightning rod     |       |       |       |       |       |       |     3 |       |       ||     3
    Use: Scroll            |     2 |     6 |     6 |     7 |    14 |    10 |    10 |     9 |     4 ||    68
         Potion            |       |       |       |     2 |     1 |     3 |     1 |     7 |     6 ||    20
   Stab: Distracted        |       |       |       |       |       |       |       |     1 |       ||     1
 Armour: Robe              |     5 |    18 |    26 |     7 |       |    25 |    85 |       |       ||   166
         Steam dragon scal |       |       |       |    51 |    89 |    39 |       |       |       ||   179
         Swamp dragon scal |       |       |       |       |       |   117 |       |       |       ||   117
         Animal skin       |       |       |       |       |       |       |    46 |   175 |    63 ||   284
  Dodge: Dodged            |    17 |    55 |    79 |   230 |   296 |   316 |   371 |   445 |   118 ||  1927
  Block: Other             |       |     7 |    25 |    59 |    70 |    12 |       |       |       ||   173
         Reflection        |       |       |     1 |     3 |    14 |       |       |       |       ||    18
         Buckler           |       |       |       |       |       |       |       |    42 |    32 ||    74

Table legend: (Time is in decaauts)
 A = Elapsed time spent in this place.
 B = Non-inter-level travel time spent in this place.
 C = Inter-level travel time spent in this place.
 D = Time resting spent in this place.
 E = Time spent auto-exploring this place.
 F = Levels seen in this place.
 G = Mean time per level.
                   A        B        C        D        E       F      G
               +--------+--------+--------+--------+--------+-----+--------+
         Total |  54294 |  49223 |   5071 |   5829 |  27813 |  49 | 1108.0 |
       Dungeon |  12458 |  10608 |   1850 |   1145 |   6158 |  15 |  830.5 |
        Temple |     36 |     36 |      0 |      0 |      0 |   1 |   36.0 |
          Lair |   6597 |   5787 |    810 |    330 |   3295 |   5 | 1319.4 |
        Shoals |   3755 |   3507 |    248 |    836 |   1325 |   4 |  938.8 |
     Snake Pit |   5756 |   5498 |    258 |    573 |   3263 |   4 | 1439.0 |
  Orcish Mines |   2003 |   1842 |    161 |     30 |   1120 |   2 | 1001.5 |
   Elven Halls |   3130 |   2951 |    179 |    269 |   1885 |   3 | 1043.3 |
        Vaults |   7550 |   6725 |    825 |    479 |   4038 |   5 | 1510.0 |
        Depths |   5027 |   4610 |    417 |    412 |   2980 |   4 | 1256.8 |
           Zot |   7725 |   7404 |    321 |   1652 |   3656 |   5 | 1545.0 |
        Bazaar |    253 |    253 |      0 |    100 |     89 |   1 |  253.0 |
               +--------+--------+--------+--------+--------+-----+--------+

Top non-repeatable levels by time:
   Zot:5: 2383 daAuts
  Lair:5: 2116 daAuts
 Snake:4: 2016 daAuts
   Zot:2: 1973 daAuts
Vaults:1: 1887 daAuts
Vaults:5: 1628 daAuts
Vaults:3: 1560 daAuts
   Zot:3: 1486 daAuts
Depths:3: 1440 daAuts
Vaults:2: 1404 daAuts
 Snake:3: 1381 daAuts
   Orc:2: 1347 daAuts
Shoals:4: 1342 daAuts
    D:11: 1286 daAuts
  Lair:3: 1255 daAuts
